 Dungeon Crawl Stone Soup version 0.29-a0-383-g8b6f518c11 (webtiles) character file.

Game seed: 1879361047669735581

2125 KateP the Shield-Bearer (level 9, -1/72 HPs)
             Began as a Formicid Fighter on May 6, 2022.
             Slain by a slime creature (15 damage)
             ... on level 7 of the Dungeon.
             The game lasted 00:09:13 (6322 turns).

KateP the Shield-Bearer (Formicid Fighter)          Turns: 6322, Time: 00:09:14

Health: -1/72      AC: 19    Str: 26    XL:     9   Next: 54%
Magic:  9/9        EV:  7    Int:  7    God:
Gold:   409        SH:  5    Dex: 10    Spells: 8/8 levels left

rFire   . . .      SeeInvis +   p - +1 scythe (vamp)
rCold   . . .      Faith    .   c - +0 buckler
rNeg    . . .      Spirit   .   i - +1 plate armour
rPois   .          Reflect  .   (helmet unavailable)
rElec   .          Harm     .   (no cloak)
rCorr   .          Rampage  .   (no gloves)
Will    .....                   h - +0 pair of boots
Stlth   ..........              j - amulet of regeneration
HPRegen 1.02/turn               x - +4 ring of protection
MPRegen 0.11/turn               l - +4 ring of slaying

@: mighty
A: permanent stasis, dig shafts and tunnels, antennae 3, four strong arms, no
potion heal 1
a: Dig, Shaft Self


You were on level 7 of the Dungeon.
You visited 2 branches of the dungeon, and saw 8 of its levels.

You collected 409 gold pieces.

Inventory:

Hand Weapons
 p - a +1 vampiric scythe (weapon)
Armour
 c - a +0 buckler (worn)
 h - a +0 pair of boots (worn)
 i - a +1 plate armour (worn)
Jewellery
 f - a ring of willpower
 j - an amulet of regeneration (around neck)
 l - a +4 ring of slaying (right hand)
 q - a ring of resist corrosion
 x - a +4 ring of protection (left hand)
Scrolls
 a - a scroll of identify
 b - 2 scrolls of magic mapping
 s - a scroll of fog
 y - a scroll of amnesia
Potions
 d - a potion of might
 g - 3 potions of curing
 m - 2 potions of flight
 w - a potion of cancellation


   Skills:
 + Level 7.1 Fighting
 - Level 4.4(5.5) Axes
 + Level 4.8(5.6) Polearms
 + Level 7.2 Armour
 + Level 7.8 Shields


You had 8 spell levels left.
You didn't know any spells.
Your spell library contained the following spells:

 Spells                   Type           Power      Damage    Failure   Level
 Magic Dart               Conj           0%         1d3       99%         1
 Call Imp                 Summ           0%         N/A       100%        2
 Gell's Gravitas          Tloc           0%         N/A       100%        3
 Lesser Beckoning         Tloc           0%         N/A       100%        3
 Mephitic Cloud           Conj/Pois/Air  0%         N/A       100%        3
 Portal Projectile        Hex/Tloc       0%         N/A       100%        3
 Teleport Other           Tloc           0%         N/A       100%        3
 Tukima's Dance           Hex            0%         N/A       100%        3
 Anguish                  Hex/Necr       0%         N/A       100%        4
 Fulminant Prism          Conj/Hex       0%         3d6       100%        4
 Iskenderun's Mystic Bla  Conj/Tloc      0%         2d3       100%        4
 Blade Hands              Tmut           0%         N/A       100%        5
 Excruciating Wounds      Necr           0%         N/A       100%        5
 Freezing Cloud           Conj/Ice/Air   0%         6-21      100%        5
 Lee's Rapid Deconstruct  Erth           0%         3d5*      100%        5
 Simulacrum               Ice/Necr       0%         N/A       100%        6
 Enfeeble                 Hex            0%         N/A       100%        7
 Polar Vortex             Ice            0%         N/A       100%        9


Dungeon Overview and Level Annotations

Branches:
Dungeon (7/15)             Temple (1/1) D:4

Altars:
Cheibriados
Dithmenos
Elyvilon
Gozag
Makhleb
Nemelex Xobeh
Ru
Sif Muna
Uskayaw
Vehumet
Wu Jian
Zin

Shops:
D:3 (   D:4 :


Innate Abilities, Weirdness & Mutations

You cannot be hasted, slowed, berserked, paralysed or teleported.
You can dig through walls and to a lower floor.
You have a pair of large antennae on your head. (SInv)
Your four strong arms can wield two-handed weapons with a shield.
Potions are less effective at restoring your health.


Message History

The slime creature hits you but does no damage. x2
You hit the slime creature.
The slime creature is almost dead.
The slime creature hits you but does no damage. x2
The slime creature hits you.
The slime creature hits you but does no damage.
The slime creature closely misses you.
You barely miss the slime creature.
The slime creature is almost dead.
The slime creature hits you but does no damage. x3
The slime creature closely misses you. The slime creature hits you.
The slime creature barely misses you.
You barely miss the slime creature.
The slime creature is almost dead.
The slime creature hits you.
You block the slime creature's attack. x2
The slime creature hits you but does no damage. x2
You slash the slime creature!
You feel better.
The slime creature is almost dead.
The slime creature hits you but does no damage.
The slime creature hits you. The slime creature hits you!
* * * LOW HITPOINT WARNING * * *
The slime creature hits you but does no damage.
The slime creature hits you.
* * * LOW HITPOINT WARNING * * *
You slice the slime creature!!
You feel better.
You kill the slime creature!
The slime creature hits you but does no damage. x2
The slime creature hits you!
* * * LOW HITPOINT WARNING * * *
You block the slime creature's attack.
Unknown command.
You slice the slime creature!!
You feel better.
The slime creature is severely wounded.
The slime creature barely misses you. The slime creature hits you!
* * * LOW HITPOINT WARNING * * *
You block the slime creature's attack.
You slice the slime creature!!
You feel better.
You kill the slime creature!
You block the slime creature's attack. The slime creature hits you!
You die...

#.# #.#..........
#.
#.#####.#.#...(...#
#.
#.##...............
#. #.##.#.#...<...#
#. #.#.........####
#. ###.#..#.######
#. #...#..#.#
#.####.###..#.#
#....@.....#.#
###.J........#
###.#.###..# #.#.#
#..# #...# #....
##### #.#### #.#
#.# #.#


You could see a slime creature.

Vanquished Creatures
  2 slime creatures (D:7)
  Sigmund (D:3)
  3 yaks (D:6)
  A wraith (D:5)
  2 ice beasts
  A black bear (D:6)
  2 necrophages
  2 scorpions
  A gnoll sergeant (D:6)
  4 killer bees (D:6)
  2 hounds
  A jelly (D:6)
  Ijyb (D:5)
  4 iguanas
  Natasha (thrice) (D:2)
  7 gnolls
  7 adders
  2 dart slugs
  4 bats
  11 endoplasms
  A giant cockroach (D:1)
  3 goblins
  2 hobgoblins (D:1)
  5 quokkas
  8 ball pythons
  3 frilled lizards
  5 kobolds
  5 rats
93 creatures vanquished.

Notes
Turn   | Place    | Note
-------+----------+-------------------------------------------
     0 | D:1      | KateP the Formicid Fighter began the quest for the Orb.
     0 | D:1      | Reached XP level 1. HP: 18/18 MP: 1/1
   285 | D:1      | Reached XP level 2. HP: 24/24 MP: 2/2
   377 | D:1      | Found a faded altar of an unknown god.
   922 | D:2      | Reached XP level 3. HP: 29/29 MP: 3/3
  1186 | D:2      | Noticed Natasha
  1196 | D:2      | Killed Natasha
  1197 | D:2      | Reached XP level 4. HP: 19/37 MP: 4/4
  1844 | D:2      | Noticed Natasha
  1850 | D:2      | Killed Natasha
  1851 | D:2      | Reached XP level 5. HP: 33/42 MP: 5/5
  1946 | D:2      | Noticed Natasha
  1955 | D:2      | Killed Natasha
  2222 | D:3      | Found a burning altar of Makhleb.
  2246 | D:3      | Found a sacrificial altar of Ru.
  2286 | D:3      | Noticed Sigmund
  2296 | D:3      | Killed Sigmund
  2297 | D:3      | Reached XP level 6. HP: 49/49 MP: 6/6
  2428 | D:3      | Found Udetwuod's Antique Weapon Shop.
  2445 | D:3      | Reached skill level 5 in Shields
  3083 | D:4      | Found an opulent altar of Gozag.
  3092 | D:4      | Reached XP level 7. HP: 55/55 MP: 7/7
  3156 | D:4      | Found Tiwoshriu's Book Emporium.
  3491 | D:4      | Found a staircase to the Ecumenical Temple.
  3626 | D:4      | Reached skill level 1 in Polearms
  4119 | D:4      | Reached skill level 5 in Armour
  4289 | Temple   | Entered the Ecumenical Temple
  4385 | D:5      | Entered Level 5 of the Dungeon
  4732 | D:5      | Reached skill level 5 in Fighting
  4788 | D:5      | Reached XP level 8. HP: 23/62 MP: 8/8
  4823 | D:5      | Noticed a wraith
  4829 | D:5      | Killed a wraith
  4966 | D:5      | Noticed Ijyb
  4971 | D:5      | Killed Ijyb
  5699 | D:6      | Noticed a yak
  5699 | D:6      | Noticed a yak
  5700 | D:6      | Noticed a yak
  5713 | D:6      | Killed a yak
  5714 | D:6      | Reached XP level 9. HP: 44/70 MP: 9/9
  6150 | D:6      | Gained mutation: You are agile. (Dex +2) [potion of
                  | mutation]
  6151 | D:6      | Lost mutation: You are agile. (Dex +2) [potion of mutation]
  6151 | D:6      | Gained mutation: Potions are less effective at restoring
                  | your health. [potion of mutation]
  6301 | D:7      | Noticed a slime creature
  6301 | D:7      | Noticed a slime creature
  6305 | D:7      | Noticed a slime creature
  6320 | D:7      | Killed a slime creature
  6322 | D:7      | Killed a slime creature
  6322 | D:7      | Slain by a slime creature

Illustrated notes

Levels and vault maps discovered:
D:1:      tarquinn_simple_flora_water_f, layout_loops_ring,
          chequers_ecumenical_altar_simple, ebering_dispersal_statue_hall
D:2:      layout_basic, hex_tiny, hangedman_decor_points, st_stairs_6,
          minmay_misc_feat_iff, minmay_hexomino_p4, uniq_natasha
D:3:      layout_loops_corners, bloody_makhleb,
          mainiacjoe_overflow_small_starburst, serial_shops, nicolae_shop_stone,
          serial_glass, glass_columns_a, glass_columns_a, uniq_sigmund
D:4:      layout_layer_cave, nicolae_gozag_seed_capital, temple_doors_e,
          serial_shops, shop
D:5:      layout_layer_cave, due_unseen_surprise, uniq_ijyb
D:6:      layout_cave_pools, minivault_10
D:7:      layout_loops_ring, nicolae_yredelemnul_corpse_copse,
          chequers_ossuary_entry_cave, minmay_misc_feat_secret_circle,
          chequers_hall_statues_y, minmay_holes, kennysheep_generic_room_3
Temple:   dpeg_three_leaves_temple

Skill      XL: |  1  2  3  4  5  6  7  8  9 |
---------------+----------------------------+-----
Shields        | 4 5 6 7 |  7.8
Axes           | 3 4 |  4.4
Fighting       | 4 5 6 7 |  7.1
Armour         | 4 5 6 7 |  7.2
Polearms       | 2 3 4 |  4.8

Action                   |  1- 3 |  4- 6 |  7- 9 || total
-------------------------+-------+-------+-------++-------
Melee: War axe           |    72 |    68 |       ||   140
       Scythe            |       |    19 |   154 ||   173
  Use: Scroll            |       |     5 |     9 ||    14
       Potion            |       |     2 |     9 ||    11
Armor: Scale mail        |    28 |       |       ||    28
       Plate armour      |    13 |    48 |   178 ||   239
Dodge: Dodged            |    32 |    32 |    66 ||   130
Block: Buckler           |    22 |    18 |    65 ||   105

Table legend: (Time is in decaauts)
 A = Elapsed time spent in this place.
 B = Non-inter-level travel time spent in this place.
 C = Inter-level travel time spent in this place.
 D = Time resting spent in this place.
 E = Time spent auto-exploring this place.
 F = Levels seen in this place.
 G = Mean time per level.
                   A        B        C        D        E       F      G
               +--------+--------+--------+--------+--------+-----+--------+
         Total |   6514 |   6514 |      0 |    511 |   4801 |   8 |  814.2 |
       Dungeon |   6433 |   6433 |      0 |    511 |   4743 |   7 |  919.0 |
        Temple |     80 |     80 |      0 |      0 |     58 |   1 |   80.0 |
               +--------+--------+--------+--------+--------+-----+--------+

Top non-repeatable levels by time:
     D:2: 1328 daAuts
     D:4: 1264 daAuts
     D:5: 1197 daAuts
     D:3: 909 daAuts
     D:1: 898 daAuts
     D:6: 687 daAuts
     D:7: 148 daAuts
  Temple: 80 daAuts
